Map: Avalon Labs

Players

Blubbel - Winner!

  • Race: Terran Terran
  • League: Silver

zod - Winner!

  • Race: Protoss Protoss
  • League: Silver

cleofap - Winner!

  • Race: Zerg Zerg

МишаЖуков

  • Race: Terran Terran

Misha

  • Race: Terran Terran

CsTǂPierre

  • Race: Zerg Zerg

VOD

Have the link to the VOD?

Description

Time

  • Played on: Dec. 30, 2015, 2:29 p.m.
  • Length: 13:48
Show
View Real Time Build Order
Export as new Build Order

Blubbel Terran - Winner!

Build Orders:  

Get SALT Encoding   

  12  0:02  SCV  
  13  0:14  SCV  
  14  0:20  Supply Depot  
  14  0:26  SCV  
  15  0:33  Refinery  
  15  0:42  SCV  
  16  0:49  Barracks  
  16  0:54  SCV  
  17  1:07  Engineering Bay  
  17  1:43  SCV  
  18  1:48  Command Center  
  18  1:55  SCV  
  19  2:06  Factory  
  19  2:07  SCV  
  20  2:14  Marine  
  21  2:24  Orbital Command  
  21  2:36  Supply Depot  
  21  2:49  SCV  
  22  2:53  Refinery  
  22  2:54  Terran Infantry Weapons Level 1  
  22  3:00  Factory Tech Lab  
  22  3:01  SCV  
  23  3:06  Starport  
  23  3:10  SCV  
  24  3:14  SCV  
  25  3:22  SCV  
  26  3:36  SCV  
  26  3:38  SCV  
  28  3:45  Siege Tank  
  28  3:48  SCV, Refinery  
  32  3:52  Medivac  
  32  3:54  Marine  
  35  4:04  Barracks  
  35  4:06  SCV  
  36  4:10  SCV  
  36  4:11  Marine  
  38  4:18  SCV  
  38  4:22  SCV  
  43  4:38  Siege Tank  
  43  4:44  Marine  
  44  4:58  Orbital Command  
  45  5:00  SCV  
  45  5:01  Marine  
  45  5:06  Missile Turret  
  46  5:12  Barracks Reactor  
  46  5:18  Supply Depot  
  46  5:20  SCV, Siege Tank, Marine  
  51  5:28  Supply Depot  
  51  5:32  SCV  
  52  5:44  SCV  
  53  5:58  Widow Mine  
  55  6:22  Marine  
  55  6:23  Marine  
  57  6:25  Marine  
  57  6:27  Widow Mine  
  57  6:31  Supply Depot  
  60  6:36  Barracks  
  60  6:37  SCV  
  61  6:40  Marine x2  
  61  6:43  Marine  
  64  6:49  SCV  
  65  7:01  SCV  
  66  7:09  Medivac  
  66  7:10  Marine x2  
  66  7:11  Marine  
  66  7:13  Terran Infantry Armor Level 1  
  71  7:19  Armory  
  71  7:28  Marine x2  
  72  8:07  Engineering Bay  
  67  8:47  Command Center  
  65  8:54  Barracks Tech Lab  
  65  8:59  Barracks  
  65  9:03  Terran Infantry Weapons Level 2  
  65  9:06  Barracks  
  65  9:20  Stimpack  
  65  9:25  Marine x4  
  69  9:43  Marine x4  
  73  10:00  Marine  
  73  10:01  Marine x3  
  77  10:10  Barracks  
  77  10:18  Marine x3  
  77  10:19  Marine  
  81  10:36  Marine x2  
  83  10:47  Barracks Reactor  
  83  10:48  Barracks Reactor  
  83  10:51  Terran Infantry Armor Level 2  
  83  11:01  Marauder  
  83  11:03  Marine x4  
  89  11:20  Marine  
  89  11:21  Barracks, Marine x2  
  89  11:22  Barracks Reactor  
  92  11:30  Marauder  
  94  11:37  Supply Depot  
  94  11:41  Supply Depot  
  94  11:51  Marauder  
  96  12:11  Marine x6  
  96  12:12  Marine x4  
  96  12:13  Marauder  
  108  12:19  Supply Depot  
  108  12:22  Supply Depot  
  108  12:23  Supply Depot  
  108  12:26  Supply Depot  
  108  12:29  Marine x7  
  114  12:30  Marine x3  
  114  12:34  Marauder  
  120  12:46  Marine x2  
  120  12:47  Marine x6  
  120  12:48  Marine  
  125  12:56  Marauder  
  112  13:17  Marauder  
Show
View Real Time Build Order
Export as new Build Order

zod Protoss - Winner!

Build Orders:  

Get SALT Encoding   

  12  0:01  Probe (Chrono Boost)  
  13  0:12  Probe (Chrono Boost)  
  14  0:20  Pylon  
  14  0:23  Probe (Chrono Boost)  
  15  0:39  Probe (Chrono Boost)  
  16  0:46  Gateway  
  16  0:49  Probe (Chrono Boost)  
  17  0:55  Assimilator  
  17  1:05  Gateway  
  17  1:06  Probe (Chrono Boost)  
  18  1:19  Pylon  
  18  1:22  Probe (Chrono Boost)  
  19  1:35  Cybernetics Core  
  19  1:38  Probe (Chrono Boost)  
  20  1:53  Nexus  
  21  2:01  Probe (Chrono Boost), Assimilator  
  21  2:11  Zealot  
  21  2:13  Warp Gate (Chrono Boost)  
  23  2:27  Gateway  
  23  2:36  Mothership Core  
  25  3:00  Robotics Facility  
  25  3:05  Probe x2  
  27  3:15  Adept  
  27  3:16  Probe, Adept  
  27  3:17  Probe, Adept  
  35  3:30  Probe  
  36  3:34  Probe  
  36  3:39  Twilight Council  
  37  3:42  Probe  
  37  3:43  Adept  
  37  3:45  Probe  
  41  3:54  Warp Prism  
  43  4:07  Forge  
  43  4:09  Probe x2  
  44  4:11  Pylon  
  45  4:21  Probe  
  46  4:42  Protoss Ground Weapons Level 1  
  46  4:45  Photon Cannon  
  46  4:49  Probe  
  46  4:50  Probe  
  48  4:55  Adept x2  
  48  4:58  Photon Cannon  
  48  4:59  Assimilator  
  52  5:00  Probe  
  52  5:02  Probe  
  52  5:03  Pylon  
  52  5:04  Assimilator  
  54  5:11  Pylon  
  54  5:14  Pylon  
  54  5:19  Probe  
  55  5:35  Stalker  
  55  5:37  Stalker  
  59  5:43  Stalker  
  57  6:15  Adept x3  
  61  6:48  Probe  
  61  6:49  Probe  
  61  6:50  Gateway  
  63  6:55  Gateway, Nexus  
  63  6:58  Assimilator  
  63  7:02  Assimilator  
  63  7:03  Gateway  
  63  7:04  Pylon  
  63  7:07  Pylon  
  57  7:10  Pylon  
  57  7:12  Stalker x2  
  57  7:13  Stalker  
  57  7:14  Pylon  
  63  7:16  Pylon  
  63  7:17  Pylon  
  63  7:20  Nexus  
  63  7:23  Assimilator  
  63  7:27  Assimilator  
  63  7:30  Pylon  
  63  7:32  Pylon  
  63  7:36  Stalker x3  
  69  8:15  Protoss Ground Weapons Level 2 (Chrono Boost)  
  69  8:18  Probe  
  70  8:22  Probe  
  70  8:23  Probe  
  72  8:27  Photon Cannon  
  72  8:28  Probe, Photon Cannon  
  72  8:30  Photon Cannon  
  72  8:33  Probe, Photon Cannon  
  73  8:35  Probe  
  73  8:39  Probe, Photon Cannon  
  76  8:42  Photon Cannon  
  76  8:43  Probe  
  76  8:48  Probe  
  78  8:50  Probe  
  79  9:00  Probe x2  
  81  9:12  Stalker x2  
  81  9:13  Stalker  
  81  9:14  Stalker  
  81  9:15  Stalker  
  91  9:35  Probe x3  
  91  9:36  Probe  
  95  9:44  Photon Cannon  
  95  9:45  Probe x2  
  95  9:46  Stalker, Probe  
  95  9:47  Stalker x3  
  95  9:48  Stalker, Probe, Photon Cannon  
  109  9:56  Probe x3  
  112  10:00  Probe  
  112  10:04  Protoss Air Weapons Level 1  
  112  10:06  Probe x2, Blink (Chrono Boost)  
  112  10:07  Probe  
  113  10:12  Probe  
  117  10:17  Probe  
  118  10:24  Probe  
  118  10:25  Probe  
  118  10:26  Probe  
  118  10:27  Probe  
  122  10:49  Stargate  
  122  10:50  Stargate  
  122  10:52  Nexus  
  122  10:53  Stargate  
  122  10:55  Stargate  
  122  10:56  Assimilator  
  122  10:58  Stargate  
  122  11:00  Assimilator  
  122  11:21  Stalker  
  124  11:36  Void Ray x3  
  136  11:40  Void Ray  
  140  11:48  Probe x3  
  140  11:49  Probe  
  144  11:58  Probe x3  
  146  12:01  Probe  
  142  12:09  Probe  
  142  12:14  Stalker x3  
  142  12:15  Stalker  
  145  12:18  Void Ray  
  145  12:19  Void Ray x2  
  157  12:28  Void Ray x2  
  161  13:01  Void Ray x2  
  161  13:02  Void Ray  
  173  13:13  Stalker x2  
  173  13:14  Stalker  
  173  13:16  Stalker x2  
  173  13:17  Stalker  
Show
View Real Time Build Order
Export as new Build Order

cleofap Zerg - Winner!

Build Orders: Hatch First 

Get SALT Encoding   

  12  0:03  Drone  
  13  0:14  Overlord  
  13  0:19  Drone  
  14  0:55  Hatchery  
  13  0:57  Drone  
  13  0:58  Drone x2  
  16  1:12  Spawning Pool  
  16  1:17  Extractor  
  14  1:22  Extractor  
  14  1:23  Drone  
  14  1:24  Drone  
  15  1:32  Overlord  
  15  2:09  Zergling x8  
  15  2:13  Hatchery  
  18  2:19  Zergling x2  
  18  2:21  Zergling x2  
  20  2:37  Zergling x4  
  22  2:50  Drone  
  22  2:51  Drone  
  24  2:53  Zergling x4  
  26  3:16  Zergling x6  
  26  3:17  Zergling x2  
  30  3:40  Metabolic Boost  
  30  3:44  Zergling x8  
  30  3:45  Zergling x2  
  35  3:51  Drone x3  
  38  3:57  Overlord x2  
  38  4:02  Zergling x2  
  39  4:17  Zergling x4  
  41  4:29  Roach Warren  
  40  4:41  Zergling x2  
  40  4:42  Zergling x6  
  44  4:48  Drone x2  
  46  5:00  Drone x3  
  46  5:05  Drone  
  46  5:06  Drone x3  
  53  5:34  Drone x4  
  46  7:25  Zergling x12  
  49  7:32  Lair  
  43  7:45  Baneling Nest  
  43  7:50  Evolution Chamber, Drone  
  43  7:51  Zergling x6  
  39  8:08  Roach x3  
  45  8:17  Zerg Melee Weapons Level 1  
  45  8:32  Zergling x4  
  45  8:33  Zergling x8  
  51  8:43  Glial Reconstitution  
  51  8:46  Centrifical Hooks  
  51  8:55  Zergling x2  
  52  8:57  Zergling x4  
  54  9:03  Roach x2  
  54  9:05  Overlord  
  58  9:32  Overlord x3  
  58  9:37  Zergling x6  
  61  9:52  Hydralisk Den  
  60  10:17  Spire  
  60  10:21  Roach x3  
  65  10:30  Zergling x6  
  65  10:34  Hydralisk x3  
  74  10:39  Hydralisk  
  74  10:41  Hydralisk  
  78  10:49  Hydralisk  
  78  10:54  Hydralisk  
  82  10:57  Hydralisk  
  82  11:00  Hydralisk  
  82  11:02  Hydralisk  
  82  11:03  Hydralisk  
  90  11:07  Overlord  
  90  11:14  Overlord  
Show
View Real Time Build Order
Export as new Build Order

МишаЖуков Terran 

Build Orders:  

Get SALT Encoding   

  12  0:54  Supply Depot  
  12  1:05  Supply Depot  
  12  1:16  SCV  
  13  1:28  SCV  
  13  1:30  Barracks  
  14  1:40  SCV  
  15  1:52  SCV  
  16  2:05  SCV  
  17  3:24  Orbital Command  
  17  4:27  Refinery  
  17  4:29  SCV  
  18  4:41  SCV  
  19  4:53  SCV  
  20  5:32  Factory  
    9:41  Orbital Command  
    9:54  Barracks Tech Lab  
Show
View Real Time Build Order
Export as new Build Order

Misha Terran 

Build Orders:  

Get SALT Encoding   

  12  0:26  Supply Depot  
  12  0:51  Supply Depot  
  12  1:11  Barracks  
  12  2:39  Bunker  
  12  2:59  Refinery  
  12  3:03  SCV  
  13  3:15  SCV  
  13  3:18  Marine  
  15  3:27  SCV  
  16  3:36  Marine  
  16  3:39  Engineering Bay  
  17  3:54  Marine  
  18  4:12  Marine  
Show
View Real Time Build Order
Export as new Build Order

CsTǂPierre Zerg 

Build Orders: 3 Hatch before Pool 

Get SALT Encoding   

  12  0:36  Drone  
  13  1:00  Hatchery  
  12  1:10  Hatchery  
  11  1:25  Drone x2  
  13  1:26  Overlord  
  13  1:39  Overlord  
  13  1:48  Overlord  
  13  2:00  Drone  
  14  2:01  Spawning Pool  
  14  2:07  Extractor  
  12  2:09  Drone  
  13  2:27  Drone x4  
  17  2:33  Drone  
  18  2:46  Drone  
  18  2:48  Queen  
  21  3:15  Drone  
  21  3:16  Drone x8  
  30  3:21  Extractor  
  29  3:34  Drone  
  29  3:35  Queen  
  32  3:43  Extractor, Queen  
  33  3:54  Lair  
  33  4:01  Evolution Chamber  
  32  4:04  Drone x4  
  36  4:14  Spine Crawler  
  36  4:16  Overlord  
  35  4:22  Extractor  
  34  4:27  Drone  
  34  4:28  Drone x5  
  40  4:35  Metabolic Boost  
  40  4:39  Zerg Melee Weapons Level 1  
  40  4:41  Drone  
  41  4:53  Drone  
  41  4:54  Drone x4  
  41  4:57  Drone x2  
  48  5:00  Extractor  
  46  5:08  Drone  
  46  5:09  Drone x4  
  51  5:23  Spore Crawler  
  51  5:24  Spore Crawler  
  51  5:26  Drone  
  51  5:27  Drone x5  
  51  5:28  Drone x3  
  58  5:46  Roach Warren  
  58  5:47  Overlord  
  57  5:50  Overlord  
  57  5:53  Overlord  
  57  5:57  Overlord  
  57  6:08  Zergling x6  
  51  6:29  Spine Crawler  
  48  6:37  Roach  
  48  6:38  Roach x8  
  52  6:56  Spine Crawler  
  52  7:01  Spine Crawler, Roach  
  51  7:02  Roach x5  
  49  7:25  Roach x2  
  41  7:38  Roach  
  41  7:39  Roach x4  
  45  7:48  Spine Crawler  
  45  7:49  Spine Crawler  
  43  7:52  Spine Crawler  
  43  7:57  Spine Crawler  
  41  8:00  Spine Crawler  
  36  8:13  Spore Crawler  
  36  8:15  Spore Crawler  
  34  8:24  Spore Crawler  
  34  8:25  Spore Crawler  
  31  8:43  Spore Crawler  
  31  8:45  Extractor  
  29  9:11  Spawning Pool  
  28  9:24  Drone  
  28  9:25  Drone x2  
  31  9:39  Drone  
  32  9:46  Evolution Chamber  
  31  9:58  Queen  
  33  10:07  Roach Warren  
  33  10:08  Drone x9  
  33  10:10  Drone x3  
  44  10:34  Burrow  
  44  10:36  Zerg Ground Armor Level 1  
  44  10:50  Spine Crawler  
  44  10:53  Spine Crawler  
  42  11:02  Overlord  
  42  11:03  Overlord x8  
  42  11:16  Hatchery  
  41  11:30  Roach x7  
  55  11:45  Pneumatized Carapace  
  55  11:49  Overlord x4  
  55  11:52  Roach  
  57  12:08  Roach x5  
  45  12:18  Roach  
  45  12:44  Roach x8  
  34  12:59  Drone  
  34  13:00  Roach x2, Zergling x2  
Tags
 
Add a new tag
Caveats
  • Supply blocks, unpowered buildings, or Contaminate may cause inaccurate times.
  • Supply counts are checked every 10 seconds.